 Dungeon Crawl Stone Soup version 0.21-b1-21-g86478ac (webtiles) character file.

322 pomescollege the Spear-Bearer (level 6, -2/44 HPs)
             Began as a Merfolk Skald on Jan 5, 2018.
             Slain by an orc
             ... wielding a +2 trident of protection
              (5 damage)
             ... on level 4 of the Dungeon.
             The game lasted 00:10:06 (3026 turns).

pomescollege the Spear-Bearer (Merfolk Skald)       Turns: 3026, Time: 00:10:07

Health: -2/44      AC:  5    Str: 11    XL:     6   Next: 47%
Magic:  1/9        EV: 12    Int: 12    God:
Gold:   170        SH:  0    Dex: 16    Spells: 3/9 levels left

rFire    . . .     SeeInvis .   q - +2 trident
rCold    . . .     Gourm    .   (no shield)
rNeg     . . .     Faith    .   b - +0 leather armour
rPois    .         Spirit   .   (no helmet)
rElec    .         Reflect  .   (no cloak)
rCorr    .         Harm     .   g - +1 pair of gloves
MR       .....                  (no boots)
Stlth    +.........             (no amulet)
HPRegen  0.14/turn              (no ring)
MPRegen  0.11/turn              (no ring)

@: singing (expiring)
A: change form in water, swift swim, stealthy swim
a: no special abilities


You were on level 4 of the Dungeon.
You were not hungry.

You visited 1 branch of the dungeon, and saw 4 of its levels.

You collected 170 gold pieces.

Inventory:

Hand Weapons
 q - a +2 trident (weapon)
Missiles
 k - 3 tomahawks (quivered)
Armour
 b - a +0 leather armour (worn)
 g - a +1 pair of gloves (worn)
 h - a cursed +0 ring mail
Wands
 l - a wand of polymorph (17)
Scrolls
 a - a scroll of remove curse
 j - a scroll of immolation
 m - a scroll of blinking {unknown}
 p - a scroll of enchant armour {unknown}
Potions
 i - a potion of ambrosia {unknown}
 n - a potion of resistance
 o - a potion of heal wounds {unknown}
Books
 c - a book of Battle

   Spells                             Type                      Level
   a - Infusion                       Charms                       1
   b - Shroud of Golubria             Charms/Translocation         2
   c - Song of Slaying                Charms                       2
   d - Spectral Weapon                Hexes/Charms                 3
   e - Regeneration                   Charms/Necromancy            3
Comestibles
 d - 5 rations
 f - 6 chunks of flesh


   Skills:
 - Level 2.1 Fighting
 * Level 8.1 Polearms
 - Level 0.6 Armour
 - Level 2.6 Dodging
 - Level 2.0 Spellcasting
 + Level 5.1 Charms


You had 3 spell levels left.
You knew the following spells:

 Your Spells              Type           Power        Failure   Level  Hunger
a - Infusion              Chrm           ##..         4%          1    ##.....
b - Song of Slaying       Chrm           ##......     6%          2    ###....
c - Spectral Weapon       Hex/Chrm       #.......     36%         3    ####...


Dungeon Overview and Level Annotations

Branches:
Dungeon (4/15)
 Temple: D:4-7

Altars:

Portals:
Sewer: D:4


Message History

Press: ? - help, Dir - move target cursor Something you can't see is in the way.
You miss something. Something hits you.
* * * LOW HITPOINT WARNING * * *
Attack whom?
Press: ? - help, Dir - move target cursor Something you can't see is in the way.
You closely miss something.
Your song is almost over.
The orc hits you but does no damage. Something hits you but does no damage.
You hit something. Something hits you but does no damage.
An orc wizard comes into view. It is wielding a dagger.
You miss something.
The orc hits you from afar with a trident of protection.
* * * LOW HITPOINT WARNING * * *
Something hits you.
* * * LOW HITPOINT WARNING * * *
The orc wizard mumbles some strange words.
The orc wizard blinks!
You hit something. Something hits you but does no damage.
The orc hits you from afar with a trident of protection.
You die...

##.##.........# *,*
.........s....# *,*
,..........##.######*,*
*####...............,,*
##..........s..####**** *
#...#(......#..# *
...).....#..#..# *
........##..#§o#########*******
......####..#r.{@.......,,,,,,*
............#.##########*****,*
##)#####.#.##.# *,*
#)#####.#.##.# *,*
#....##,#.##.# *,*
#####.#*,#.##{* *,*
.)....#*.#.##o* *,*
###.#.##.#.**,* *,*
##.###....,,,,* *,*


You could see an orc and a rat.

Vanquished Creatures
  A howler monkey (D:3)
  An orc wizard (D:4)
  2 orc priests
  A worker ant (D:4)
  8 adders (D:2)
  A river rat (D:4)
  3 worms (D:2)
  A dart slug (D:2)
  A leopard gecko (D:3)
  9 orcs
  9 ball pythons
  5 bats
  6 giant cockroaches
  5 goblins
  6 hobgoblins
  6 kobolds
  4 frilled lizards
  7 rats
76 creatures vanquished.

Vanquished Creatures (others)
  A frilled lizard (D:3)
1 creature vanquished.

Grand Total: 77 creatures vanquished

Notes
Turn   | Place    | Note
-------+----------+-------------------------------------------
     0 | D:1      | pomescollege the Merfolk Skald began the quest for the Orb.
     0 | D:1      | Reached XP level 1. HP: 16/16 MP: 3/3
   245 | D:1      | Reached XP level 2. HP: 19/22 MP: 1/5
   387 | D:1      | Learned a level 2 spell: Song of Slaying
   401 | D:1      | Reached skill level 4 in Polearms
   870 | D:2      | Reached XP level 3. HP: 17/27 MP: 2/6
  1083 | D:2      | Reached skill level 5 in Polearms
  1324 | D:2      | Reached XP level 4. HP: 32/33 MP: 3/7
  1570 | D:2      | Reached skill level 6 in Polearms
  2181 | D:2      | Reached XP level 5. HP: 32/38 MP: 8/8
  2637 | D:3      | Reached skill level 7 in Polearms
  2880 | D:3      | Learned a level 3 spell: Spectral Weapon
  2951 | D:4      | Reached XP level 6. HP: 30/44 MP: 1/9
  2954 | D:4      | Reached skill level 5 in Charms
  2962 | D:4      | Reached skill level 8 in Polearms
  2993 | D:4      | Found a glowing drain.
  3026 | D:4      | Slain by an orc

Skill      XL: |  1  2  3  4  5  6 |
---------------+-------------------+-----
Polearms       | 4 5 6 7 8 |  8.1
Charms         | 4 5 |  5.1
Fighting       | |  2.1
Armour         | |  0.6
Dodging        | |  2.6
Spellcasting   | |  2.0

Action                   |  1- 3 |  4- 6 || total
-------------------------+-------+-------++-------
Melee: Spear             |    77 |   135 ||   212
       Trident           |       |    57 ||    57
 Cast: Infusion          |     7 |    20 ||    27
       Song of Slaying   |       |     6 ||     6
  Use: Scroll            |       |    12 ||    12
       Potion            |       |     1 ||     1
 Stab: Sleeping          |       |     2 ||     2
  Eat: Chunk             |     1 |     7 ||     8
Armor: Leather armour    |    10 |    30 ||    40
Dodge: Dodged            |    45 |    86 ||   131
